 Dungeon Crawl Stone Soup version 0.28-a0-932-g843f935a50 (webtiles) character file.

Game seed: 14130388172849076639

57 miscthings the Sneak (level 4, -3/34 HPs)
             Began as a Gnoll Wanderer on Nov 28, 2021.
             Splashed by a jelly's acid (5 damage)
             ... on level 4 of the Dungeon.
             The game lasted 00:04:36 (2346 turns).

miscthings the Sneak (Gnoll Wanderer)               Turns: 2346, Time: 00:04:36

Health: -3/34      AC: -9    Str: 10    XL:     4   Next: 0%
Magic:  0/8        EV: 11    Int: 11    God:
Gold:   12         SH:  0    Dex: 14    Spells: 5/8 levels left

rFire   . . .      SeeInvis .   a - +2 dagger
rCold   . . .      Faith    .   (no shield)
rNeg    . . .      Spirit   +   d - +0 robe
rPois   .          Reflect  .   (no helmet)
rElec   .          Harm     .   (no cloak)
rCorr   +          Rampage  .   (no gloves)
Will    .....                   (no boots)
Stlth   +++.......              o - amulet of guardian spirit
HPRegen 0.11/turn               k - ring of resist corrosion
MPRegen 0.11/turn               (no ring)

@: corroded
A: fangs 1, strong nose, distributed training
a: no special abilities


You were on level 4 of the Dungeon.
You visited 1 branch of the dungeon, and saw 3 of its levels.

You collected 12 gold pieces.

Inventory:

Hand Weapons
 a - a +2 dagger (weapon)
 c - a +0 falchion
Armour
 d - a +0 robe (worn)
Jewellery
 k - a ring of resist corrosion (left hand)
 o - an amulet of guardian spirit (around neck)
Scrolls
 b - a scroll of blinking
 i - a scroll of amnesia {unknown}
 j - a scroll of fear {unknown}
 n - a scroll of teleportation {unknown}
Potions
 e - 2 potions of curing {unknown}
 f - a potion of flight {unknown}
 g - a potion of lignification {unknown}
 h - a potion of resistance {unknown}
 l - a potion of degeneration {unknown}
 m - a potion of heal wounds {unknown}


   Skills:
 + Level 2.7 Fighting
 + Level 1.0 Short Blades
 + Level 4.6 Long Blades
 + Level 1.0 Axes
 + Level 1.0 Maces & Flails
 + Level 1.0 Polearms
 + Level 1.0 Staves
 + Level 1.0 Slings
 + Level 1.0 Bows
 + Level 1.0 Crossbows
 + Level 1.0 Throwing
 + Level 1.0 Armour
 + Level 1.0 Dodging
 + Level 6.0 Stealth
 + Level 2.7 Shields
 + Level 1.0 Unarmed Combat
 + Level 2.9 Spellcasting
 + Level 0.7 Conjurations
 + Level 0.7 Hexes
 + Level 0.7 Summonings
 + Level 0.7 Necromancy
 + Level 3.8 Translocations
 + Level 0.7 Transmutations
 + Level 0.7 Fire Magic
 + Level 0.7 Ice Magic
 + Level 0.7 Air Magic
 + Level 0.7 Earth Magic
 + Level 0.7 Poison Magic
 + Level 1.1 Invocations
 + Level 1.0 Evocations


You had 5 spell levels left.
You knew the following spells:

 Your Spells              Type           Power      Damage    Failure   Level
a - Shock                 Conj/Air       12%        1d3       21%         1
b - Searing Ray           Conj           6%         2d4       30%         2

Your spell library contained the following spells:

 Spells                   Type           Power      Damage    Failure   Level
 Magic Dart               Conj           12%        1d3       21%         1
 Swiftness                Air            3%         N/A       52%         3
 Fulminant Prism          Conj/Hex       1%         3d6       89%         4


Dungeon Overview and Level Annotations

Branches:
Dungeon (2/15)

Altars:
Sif Muna


Innate Abilities, Weirdness & Mutations

You have very sharp teeth.
Your uncanny sense of smell can sniff out nearby items.
Your experience applies equally to all skills.


Message History

You hit the jelly but do no damage.
Your hands burn!
The jelly is moderately wounded.
The jelly hits you.
You are splashed with acid.
You resist.
You hit the jelly but do no damage.
Your hands burn!
The jelly is moderately wounded.
The jelly hits you. The acid corrodes you!
You are splashed with acid.
You resist.
There is a stone staircase leading up here.
Casting: Shock (safe; 21% risk of failure)
Confirm with . or Enter, or press ? or * to list all spells.
Aiming: Searing Ray (dangerous; 30% risk of failure)
Press: ? - help, Shift-Dir - straight line, f - jelly
Aim: a jelly (moderately wounded, 100% to hit)
The searing ray hits the jelly.
The jelly is severely wounded. (Press . to maintain the ray.)
The jelly closely misses you.
The searing ray hits the jelly.
The jelly is almost dead.
The jelly misses you.
Without enough magic to sustain it, your searing ray dissipates.
The jelly hits you. The acid corrodes you!
You are splashed with acid.
You resist.
* * * LOW HITPOINT WARNING * * *
You hit the jelly but do no damage.
Your hands burn!
* * * LOW HITPOINT WARNING * * *
You bite the jelly, but do no damage.
The jelly is almost dead.
The jelly barely misses you.
You hit the jelly but do no damage.
Your hands burn!
* * * LOW HITPOINT WARNING * * *
The jelly is almost dead.
The jelly closely misses you.
You hit the jelly but do no damage.
Your hands burn!
You bite the jelly, but do no damage.
The jelly is almost dead.
The jelly hits you.
* * * LOW HITPOINT WARNING * * *
You are splashed with acid.
You resist.
You die...

.. .....## ...
#.....# ...
.....##
#.###.....###
.##...........#
............#
............#
......#....##
.?.<..#@..####
........J....#
###...........#
###.........#
#............
.............#
#...........###
##.........##
#....##..##


You could see a jelly.

Vanquished Creatures
  An adder (D:2)
  A dart slug (D:2)
  A ball python (D:1)
  3 bats
  3 endoplasms (D:1)
  2 giant cockroaches
  4 goblins (D:1)
  5 hobgoblins
  7 jackals
  2 kobolds (D:1)
  A quokka (D:1)
  3 frilled lizards
  5 rats
38 creatures vanquished.

Notes
Turn   | Place    | Note
-------+----------+-------------------------------------------
     0 | D:1      | miscthings the Gnoll Wanderer began the quest for the Orb.
     0 | D:1      | miscthings set off with the following items: a +2 dagger, a
                  | scroll of blinking, a +0 falchion, a +0 robe; and the
                  | following spell memorised: Shock; and the following spells
                  | available to memorise: Swiftness
     0 | D:1      | Reached XP level 1. HP: 17/17 MP: 4/4
     7 | D:1      | Noticed an iguana
     7 | D:1      | Noticed a lindwurm
     8 | D:1      | Noticed a black mamba
     8 | D:1      | Noticed a swamp drake
   277 | D:1      | Reached XP level 2. HP: 3/23 MP: 5/5
  1128 | D:1      | Reached XP level 3. HP: 28/28 MP: 7/7
  1430 | D:1      | Reached skill level 6 in Stealth
  1634 | D:2      | Found a shimmering blue altar of Sif Muna.
  1676 | D:2      | Reached skill level 1 in Invocations
  2074 | D:2      | Learned a level 2 spell: Searing Ray
  2083 | D:2      | Reached skill level 1 in Short Blades
  2083 | D:2      | Reached skill level 1 in Axes
  2083 | D:2      | Reached skill level 1 in Maces & Flails
  2083 | D:2      | Reached skill level 1 in Polearms
  2083 | D:2      | Reached skill level 1 in Staves
  2083 | D:2      | Reached skill level 1 in Slings
  2083 | D:2      | Reached skill level 1 in Bows
  2083 | D:2      | Reached skill level 1 in Crossbows
  2083 | D:2      | Reached skill level 1 in Throwing
  2083 | D:2      | Reached skill level 1 in Armour
  2083 | D:2      | Reached skill level 1 in Dodging
  2083 | D:2      | Reached skill level 1 in Unarmed Combat
  2083 | D:2      | Reached skill level 1 in Evocations
  2293 | D:2      | Reached XP level 4. HP: 34/34 MP: 8/8
  2346 | D:4      | Splashed by a jelly's acid

Illustrated notes

Levels and vault maps discovered:
D:1:      onia_arrival_zoo_common, layout_basic
D:2:      layout_basic, basic_altar
D:4:      layout_cave_pools

Skill      XL: |  1  2  3 |
---------------+----------+-----
Stealth        | 6 |  6.0
Invocations    | 1 |  1.1
Short Blades   | 1 |  1.0
Axes           | 1 |  1.0
Maces & Flails | 1 |  1.0
Polearms       | 1 |  1.0
Staves         | 1 |  1.0
Slings         | 1 |  1.0
Bows           | 1 |  1.0
Crossbows      | 1 |  1.0
Throwing       | 1 |  1.0
Armour         | 1 |  1.0
Dodging        | 1 |  1.0
Unarmed Combat | 1 |  1.0
Evocations     | 1 |  1.0
Fighting       | |  2.7
Long Blades    | |  4.6
Shields        | |  2.7
Spellcasting   | |  2.9
Conjurations   | |  0.7
Hexes          | |  0.7
Summonings     | |  0.7
Necromancy     | |  0.7
Translocations | |  3.8
Transmutations | |  0.7
Fire Magic     | |  0.7
Ice Magic      | |  0.7
Air Magic      | |  0.7
Earth Magic    | |  0.7
Poison Magic   | |  0.7

Action                   |  1- 3 |  4- 6 || total
-------------------------+-------+-------++-------
Melee: Dagger            |   130 |     8 ||   138
       Falchion          |    12 |       ||    12
       Bite              |    11 |     2 ||    13
 Cast: Shock             |     3 |       ||     3
       Searing Ray       |       |     1 ||     1
 Stab: Sleeping          |     8 |       ||     8
Armor: Robe              |    30 |     1 ||    31
Dodge: Dodged            |    95 |     4 ||    99

Table legend: (Time is in decaauts)
 A = Elapsed time spent in this place.
 B = Non-inter-level travel time spent in this place.
 C = Inter-level travel time spent in this place.
 D = Time resting spent in this place.
 E = Time spent auto-exploring this place.
 F = Levels seen in this place.
 G = Mean time per level.
                   A        B        C        D        E       F      G
               +--------+--------+--------+--------+--------+-----+--------+
         Total |   2340 |   2295 |     45 |    804 |   1047 |   3 |  780.0 |
       Dungeon |   2340 |   2295 |     45 |    804 |   1047 |   3 |  780.0 |
               +--------+--------+--------+--------+--------+-----+--------+

Top non-repeatable levels by time:
     D:1: 1589 daAuts
     D:2: 735 daAuts
     D:4: 15 daAuts
